Map: Abiogenesis LE

Players

JasonKnight

  • Race: Protoss Protoss
  • Spawn Location: 11:00

Alexeon - Winner!

  • Race: Terran Terran
  • League: Diamond
  • Spawn Location: 5:00

VOD

Have the link to the VOD?

Description

Time

  • Played on: Jan. 26, 2018, 7:34 p.m.
  • Length: 8:45
Show
View Real Time Build Order
Export as new Build Order

JasonKnight Protoss 

Build Orders:  

Get SALT Encoding   

  12  0:01  Probe  
  13  0:13  Probe  
  14  0:21  Pylon  
  14  0:25  Probe  
  15  0:39  Probe  
  15  0:41  Gateway  
  16  0:45  Assimilator  
  16  0:51  Probe  
  17  1:03  Probe  
  18  1:15  Probe  
  19  1:27  Probe  
  20  1:36  Cybernetics Core  
  20  1:50  Nexus  
  20  1:58  Assimilator, Probe  
  21  2:05  Pylon  
  21  2:10  Probe  
  22  2:21  Shield Battery  
  22  2:26  Robotics Facility  
  22  2:34  Stalker  
  21  3:15  Stalker (Chrono Boost)  
  21  3:17  Observer (Chrono Boost)  
  24  3:23  Observer  
  23  3:55  Stalker  
  25  4:00  Probe  
  25  4:01  Probe  
  27  4:06  Assimilator  
  27  4:18  Probe x2  
  27  4:20  Warp Gate (Chrono Boost)  
  29  4:30  Probe x2  
  31  4:39  Observer  
  31  4:42  Probe  
  34  4:45  Probe  
  34  4:51  Gateway  
  34  4:54  Gateway, Probe  
  34  4:57  Pylon, Probe  
  36  5:06  Probe  
  37  5:10  Probe  
  37  5:12  Assimilator  
  38  5:18  Probe  
  38  5:19  Twilight Council  
  39  5:22  Probe  
  40  5:30  Probe  
  40  5:34  Probe  
  42  5:38  Observer  
  42  5:42  Probe  
  43  5:46  Probe  
  43  5:49  Nexus  
  44  5:51  Blink (Chrono Boost)  
  44  5:54  Probe  
  45  5:58  Probe  
  45  6:04  Pylon  
  44  6:27  Probe  
  44  6:28  Probe  
  46  6:39  Probe  
  47  6:40  Probe  
  48  6:52  Probe x2  
  50  6:57  Warp Prism, Gateway  
  50  6:58  Gateway  
  50  7:01  Gateway  
  52  7:05  Gateway  
  52  7:08  Zealot  
  52  7:09  Pylon, Zealot x2  
  58  7:28  Stalker x3  
  60  7:49  Stalker x3  
  38  8:20  Zealot x2  
  38  8:21  Zealot  
  38  8:22  Stalker x3  
  38  8:23  Stalker  
Show
View Real Time Build Order
Export as new Build Order

Alexeon Terran - Winner!

Build Orders: MMM Bio 

Get SALT Encoding   

  12  0:01  SCV  
  13  0:13  SCV  
  14  0:20  Supply Depot  
  14  0:26  SCV  
  15  0:37  Refinery  
  15  0:41  SCV  
  16  0:55  SCV  
  17  1:01  Barracks  
  17  1:02  Barracks  
  17  1:13  SCV  
  18  1:26  SCV  
  18  1:32  Supply Depot  
  19  1:38  SCV  
  20  1:52  Ghost Academy  
  20  1:56  Refinery  
  20  2:01  Orbital Command  
  20  2:08  Barracks Tech Lab  
  20  2:18  Factory  
  20  2:26  Ghost  
  22  2:31  SCV  
  22  2:34  Barracks  
  23  2:47  SCV  
  24  2:54  Ghost  
  26  2:59  SCV  
  26  3:03  Bunker  
  27  3:12  SCV  
  28  3:29  SCV  
  28  3:31  Marine  
  28  3:33  Factory  
  28  3:49  SCV  
  28  3:54  Marine  
  28  3:57  Command Center  
  28  4:01  Supply Depot  
  28  4:02  SCV  
  29  4:14  SCV  
  29  4:16  Barracks Tech Lab  
  30  4:20  Factory Tech Lab  
  30  4:26  SCV  
  31  4:38  SCV  
  32  4:39  Siege Tank  
  32  4:40  Marine  
  32  4:43  Stimpack  
  36  4:52  Command Center  
  36  4:55  Starport  
  36  5:01  Marine  
  36  5:02  Barracks  
  37  5:07  SCV  
  37  5:10  Orbital Command  
  38  5:18  Marine  
  38  5:19  SCV  
  38  5:21  Siege Tank  
  42  5:31  SCV  
  42  5:33  Starport Reactor  
  43  5:36  SCV  
  43  5:37  Barracks  
  43  5:38  Marine  
  45  5:43  SCV  
  45  5:45  Engineering Bay  
  45  5:47  Supply Depot  
  46  5:50  SCV  
  46  5:52  Barracks Tech Lab  
  46  5:56  Liberator  
  47  5:57  Marauder  
  47  5:59  Siege Tank  
  47  6:04  SCV x2  
  53  6:06  SCV  
  53  6:10  Medivac  
  57  6:15  Marine  
  57  6:16  SCV  
  62  6:21  Orbital Command  
  62  6:25  SCV  
  63  6:28  SCV  
  63  6:30  Marine  
  63  6:31  Refinery  
  65  6:37  Liberator, Barracks  
  65  6:38  SCV  
  65  6:39  Refinery  
  66  6:41  SCV  
  65  6:49  SCV  
  65  6:50  SCV  
  65  6:53  SCV  
  68  6:55  Marauder, Marine  
  68  6:57  Marine  
  75  7:01  SCV  
  75  7:04  SCV  
  77  7:20  Supply Depot  
  77  7:21  Engineering Bay  
  77  7:22  Barracks Reactor  
  77  7:24  Combat Shields  
  77  7:25  Supply Depot  
  77  7:36  Barracks  
  77  7:37  Marine  
  77  7:39  SCV  
  77  7:41  Medivac, SCV x2, Marine x2  
  79  7:53  SCV  
  79  7:55  Marauder, SCV x2  
  81  7:59  Marine x2  
  78  8:05  SCV  
  78  8:11  Marine x2  
  82  8:12  SCV  
  82  8:16  Marine  
  82  8:17  Marauder, Marine  
  86  8:20  SCV  
  86  8:25  Marine  
  86  8:26  Barracks, SCV  
Tags
 
Composition
MMM Bio
League
Diamond
Matchup
PvT
Spawn Locations
Cross Positions
Add a new tag
Caveats
  • Supply blocks, unpowered buildings, or Contaminate may cause inaccurate times.
  • Supply counts are checked every 10 seconds.